 Dungeon Crawl Stone Soup version bcrawl-1.19.2-6-g6a88ae04c9 (webtiles) character file.

Game seed: 16287822002428229701

1890 flt the Basher (level 8, -24/58 HPs)
             Began as a Demonspawn Archaeologist on Dec 27, 2019.
             Was a Believer of Yredelemnul.
             Annihilated by a very large slime creature (57 damage)
             ... on level 6 of the Dungeon on Dec 28, 2019.
             The game lasted 00:19:30 (6434 turns).

flt the Basher (Demonspawn Archaeologist)           Turns: 6434, Time: 00:19:31

Health: -24/58     AC: 11    Str: 20    XL:     8   Next: 92%
Magic:  9/10       EV: 13    Int: 15    God:    Yredelemnul [**....]
Gold:   308        SH:  0    Dex: 11    Spells: 7/7 levels left

rFire    . . .     SeeInvis +   f - +7 great mace "Undeadhunter" {disrupt, rN+}
rCold    . . .     Gourm    .   (shield currently unavailable)
rNeg     + . .     Faith    .   b - +1 robe
rPois    .         Spirit   .   c - +1 hat
rElec    .         Reflect  .   s - +2 cloak
rCorr    .         Harm     .   N - +0 pair of gloves
MR       .....                  D - +0 pair of boots {Fly}
Stlth    ++........             (no amulet)
HPRegen  0.19/turn              L - ring of see invisible
MPRegen  0.12/turn              A - +5 ring of strength

@: flying
A: antennae 1, icy blue scales 1, demonic guardian 1, powered by pain 1
a: Animate Remains, Recall Undead Slaves, Injury Mirror, Renounce Religion, Stop
Flying


You were on level 6 of the Dungeon.
You worshipped Yredelemnul.
Yredelemnul was pleased with you.
You were hungry.

You visited 2 branches of the dungeon, and saw 7 of its levels.
You also visited: Sewer.

You collected 308 gold pieces.

Inventory:

Hand Weapons
 a - a +0 whip
 f - the +7 great mace "Undeadhunter" (weapon) {disrupt, rN+}

   It protects you from negative energy.
 w - a +1 dagger of speed
 z - a +1 flail
 I - a +0 blowgun
 O - a +0 short sword of venom
Missiles
 h - 1015 stones (quivered)
 m - 1243 arrows
 q - 239 sling bullets
 C - 320 poisoned needles
Armour
 b - a +1 robe (worn)
 c - a +1 hat (worn)
 d - a +1 pair of boots
 s - a +2 cloak (worn)
 D - a +0 pair of boots of flying (worn)
 G - a +2 large shield
 K - a +0 chain mail
 N - a +0 pair of gloves (worn)
Jewellery
 A - a +5 ring of strength (right hand)
 L - a ring of see invisible (left hand)
Wands
 y - a wand of flame (25)
 B - a wand of iceblast (5)
 M - a wand of scattershot (4)
Scrolls
 e - a scroll of teleportation
 k - 7 scrolls of remove curse {unknown}
 o - 5 scrolls of enchant armour {unknown}
 r - 3 scrolls of magic mapping
 t - a scroll of amnesia {unknown}
 u - 5 scrolls of identify {unknown}
 E - a scroll of fear {unknown}
 F - a scroll of blinking {unknown}
 P - a scroll of enchant weapon
Potions
 i - a potion of lignification {unknown}
 j - 2 potions of mutation {unknown}
 l - a potion of brilliance {unknown}
 n - a potion of cancellation {unknown}
 p - 2 potions of magic {unknown}
 v - 3 potions of curing {unknown}
 x - 2 potions of haste {unknown}
 H - a potion of heal wounds {unknown}
 J - 2 potions of degeneration {unknown}
Comestibles
 g - 11 rations {!d}


   Skills:
 - Level 3.3 Fighting
 * Level 10.5 Maces & Flails
 + Level 2.1 Armour
 - Level 3.0 Dodging
 - Level 3.0 Stealth
 + Level 3.1 Invocations


You had 7 spell levels left.
You didn't know any spells.
Your spell library contained the following spells:

 Spells                   Type           Power        Failure   Level  Hunger
 Summon Small Mammal      Summ           #...         26%         1    ##.....
 Call Imp                 Summ           #.....       38%         2    ###....
 Call Canine Familiar     Summ           #.......     63%         3    ####...
 Summon Ice Beast         Ice/Summ       #.......     95%         4    #####..
 Summon Lightning Spire   Summ/Air       #.......     100%        5    ######.


Dungeon Overview and Level Annotations

Branches:
Dungeon (6/12)             Temple (1/1) D:5

Altars:
Ashenzari
Cheibriados
Dithmenos
Elyvilon
Gozag
Kikubaaqudgha
Makhleb
Nemelex Xobeh
Okawaru
Qazlal
Ru
Trog
Uskayaw
Vehumet
Wu Jian
Xom
Yredelemnul
Zin
The Shining One

Annotations:
D:5 2 transporters, Freyura's ghost, novice GrGl


Innate Abilities, Weirdness & Mutations

You have a pair of small antennae on your head.
You are partially covered in icy blue scales. (AC +2)
A weak demonic guardian rushes to your aid.
You sometimes gain a little power by taking damage.


Message History

Anything else - Cancel.
Gang up on whom?
Press: ? - help, Dir - move target cursor, f - very large slime creature
Aim: a very large slime creature (lightly wounded) Attack!
Your flying skull hits the very large slime creature.
The very large slime creature misses your flying skull.
Your flying skull hits the very large slime creature! x2
The very large slime creature misses your flying skull.
Your flying skull hits the very large slime creature!
The very large slime creature hits your flying skull!!!
Your flying skull is destroyed!
The very large slime creature hits your flying skull!!!
Your flying skull is destroyed!
You swap places.
Your wight hits the very large slime creature from afar with a +5 spear.
The very large slime creature hits you!!!
Ouch! That really hurt!
You die...
Your body rises from the dead as a mindless zombie.

..M.Z.........+
#.######Z..####
#{# ##M## #.# #.#
#z# #.# #.#
#.####### #Z#
##.#.z.ZM# ..#
##....###z###.####
###
#.....#Z.z@J......
#.......#5##...#.#
#.........# ....#
##...###### .#..
##### ... #.# ##
#.# #.# #.#


You could see a very large slime creature, a friendly flying skull, a friendly
mummy, a friendly wight, a friendly ufetubus and 2 friendly gnoll zombies.

Vanquished Creatures
  A slime creature (D:6)
  A hungry ghost (D:6)
  2 sky beasts (D:3)
  An ogre (D:5)
  A phantom (D:6)
  6 big kobolds
  A crimson imp (D:5)
  A hound (D:5)
  A jelly (D:5)
  An orc priest (D:6)
  An orc wizard (D:5)
  2 iguanas
  6 worker ants
  A hound zombie (D:5)
  A hound skeleton (D:6)
  A worker ant zombie (D:6)
  A howler monkey skeleton (D:4)
  15 adders
  5 gnolls
  2 river rats
  5 oozes
  3 adder zombies
  3 worms
  2 dart slugs
  5 leopard geckos
  5 orcs
  5 ball pythons (Sewer)
  6 giant cockroaches
  14 hobgoblins
  5 jackals
  4 quokkas
  8 bats
  5 frilled lizards
  7 goblins
  17 kobolds
  10 rats
155 creatures vanquished.

Vanquished Creatures (collateral kills)
  An ice beast (D:5)
  An ogre (D:4)
  A howler monkey (D:5)
  A crimson imp (D:5)
  An orc priest (D:6)
  2 orc wizards (D:6)
  A gnoll (D:6)
  3 orcs
  A giant cockroach (D:5)
  A quokka (D:6)
  5 kobolds (D:6)
18 creatures vanquished.

Vanquished Creatures (others)
  2 flying skulls (D:6)
  A hound skeleton (D:5)
  A ball python zombie (Sewer)
  6 plants (D:5)
10 creatures vanquished.

Grand Total: 183 creatures vanquished

Notes
Turn   | Place    | Note
-------+----------+-------------------------------------------
     0 | D:1      | flt the Demonspawn Archaeologist began the quest for the
                  | Orb.
     0 | D:1      | Reached XP level 1. HP: 15/15 MP: 1/1
    79 | D:1      | Reached skill level 1 in Maces & Flails
   263 | D:1      | Gained mutation: A weak demonic guardian rushes to your
                  | aid. [demonic ancestry]
   263 | D:1      | Reached XP level 2. HP: 15/21 MP: 2/2
   974 | D:2      | Found a radiant altar of Vehumet.
  1018 | D:2      | Reached XP level 3. HP: 26/28 MP: 3/3
  1036 | D:2      | Found a sparkling altar of Nemelex Xobeh.
  1141 | D:2      | Reached skill level 2 in Maces & Flails
  1603 | D:2      | Gained mutation: You are partially covered in icy blue
                  | scales. (AC +2) [demonic ancestry]
  1603 | D:2      | Reached XP level 4. HP: 35/35 MP: 4/4
  1746 | D:2      | Found a white marble altar of Elyvilon.
  1817 | D:2      | Found a basalt altar of Yredelemnul.
  1982 | D:3      | Reached skill level 3 in Maces & Flails
  2111 | D:3      | Found a shimmering altar of Xom.
  2178 | D:3      | Found a shadowy altar of Dithmenos.
  2203 | D:3      | Reached skill level 4 in Maces & Flails
  2245 | D:3      | Noticed a sky beast
  2267 | D:3      | Killed a sky beast
  2267 | D:3      | Reached skill level 5 in Maces & Flails
  2267 | D:3      | Gained mutation: You sometimes gain a little power by
                  | taking damage. [demonic ancestry]
  2267 | D:3      | Reached XP level 5. HP: 32/41 MP: 5/5
  2509 | D:3      | Noticed a sky beast
  2528 | D:3      | Killed a sky beast
  2528 | D:3      | Reached skill level 6 in Maces & Flails
  2528 | D:3      | Reached XP level 6. HP: 19/47 MP: 6/6
  3083 | D:3      | Found a glowing silver altar of Zin.
  3281 | D:2      | Became a worshipper of Yredelemnul the Dark
  3438 | D:4      | Reached skill level 7 in Maces & Flails
  3764 | D:5      | Entered Level 5 of the Dungeon
  3770 | D:5      | Identified the +5 ring mail of Uxogosm {MR+ Str+4 Dex-5
                  | Slay+2}
  3853 | D:5      | Gained mutation: You have a pair of small antennae on your
                  | head. [demonic ancestry]
  3853 | D:5      | Reached XP level 7. HP: 52/52 MP: 7/7
  3947 | D:5      | Found a glowing drain.
  3951 | Sewer    | Entered a sewer
  4203 | Sewer    | Reached * piety under Yredelemnul
  4333 | Sewer    | Reached skill level 8 in Maces & Flails
  4823 | Sewer    | Reached skill level 9 in Maces & Flails
  4961 | D:5      | Reached XP level 8. HP: 42/58 MP: 8/8
  5056 | D:5      | Found a staircase to the Ecumenical Temple.
  5083 | Temple   | Entered the Ecumenical Temple
  5205 | D:5      | Found a shattered altar of Ashenzari.
  5221 | D:5      | Found a transporter.
  5231 | D:5      | Noticed Freyura's ghost (novice GrGl)
  5631 | D:5      | Found a transporter.
  5683 | D:6      | Found an ornate altar of the Wu Jian Council.
  5785 | D:6      | Found a sparkling altar of Nemelex Xobeh.
  5815 | D:6      | Reached ** piety under Yredelemnul
  5815 | D:6      | Reached skill level 10 in Maces & Flails
  5908 | D:6      | Found an opulent altar of Gozag.
  6083 | D:6      | Reached skill level 1 in Armour
  6083 | D:6      | Reached skill level 1 in Invocations
  6422 | D:6      | Noticed a slime creature
  6423 | D:6      | Noticed a slime creature
  6426 | D:6      | Noticed a slime creature
  6427 | D:6      | Noticed a slime creature
  6429 | D:6      | Killed a slime creature
  6434 | D:6      | Annihilated by a very large slime creature

Skill      XL: |  1  2  3  4  5  6  7  8 |
---------------+-------------------------+-----
Maces & Flails | 1 2 5 6 7 9 10 | 10.5
Dodging        | 3 |  3.0
Fighting       | 2 3 |  3.3
Armour         | 2 |  2.1
Invocations    | 3 |  3.1
Stealth        | |  3.0

Action                   |  1- 3 |  4- 6 |  7- 9 || total
-------------------------+-------+-------+-------++-------
Melee: Whip              |   207 |    39 |       ||   246
       Flail             |       |    79 |       ||    79
       Great mace        |       |    28 |   142 ||   170
Throw: Stone             |     2 |     3 |     1 ||     6
Invok: Animate Remains   |       |       |    13 ||    13
  Use: Scroll            |       |     4 |       ||     4
 Stab: Sleeping          |     5 |     6 |     5 ||    16
       Distracted        |       |       |     3 ||     3
  Eat: Chunk             |     2 |     8 |     7 ||    17
       Ration            |       |       |     2 ||     2
Armor: Robe              |   100 |    46 |    49 ||   195
Dodge: Dodged            |   155 |   105 |    94 ||   354
